 Dungeon Crawl Stone Soup version 0.20-a0-256-gabb291d (webtiles) character file.

6638 tboon the Severer (level 10, -1/96 HPs)
             Began as a Minotaur Fighter on Dec 1, 2016.
             Was an Elder of Okawaru.
             Slain by an orc warrior
             ... wielding a +0 long sword
              (6 damage)
             ... on level 9 of the Dungeon.
             The game lasted 00:24:47 (7637 turns).

tboon the Severer (Minotaur Fighter)                Turns: 7637, Time: 00:24:47

Health: -1/96      AC: 17    Str: 21    XL:     10   Next: 72%
Magic:  9/9        EV:  3    Int:  7    God:    Okawaru [****..]
Gold:   402        SH:  9    Dex: 11    Spells: 9/9 levels left

rFire  + . .     SeeInvis .     a - +1 war axe
rCold  + . .     Gourm    .     H - +0 plate armour
rNeg   . . .     Faith    .     c - +0 shield
rPois  .         Spirit   .     (helmet restricted)
rElec  .         Reflect  .     x - +0 cloak
rCorr  .         Harm     .     v - +2 pair of gloves
MR     .....                    C - +0 pair of boots
Stlth  ..........               (no amulet)
                                u - ring of protection from fire {rF+, !d}
                                s - ring of protection from cold {rC+, !d}

@: no status effects
A: retaliatory headbutt, horns 2
a: Heroism, Renounce Religion


You were on level 9 of the Dungeon.
You worshipped Okawaru.
Okawaru was greatly pleased with you.
You were not hungry.

You visited 2 branches of the dungeon, and saw 10 of its levels.

You collected 582 gold pieces.
You spent 180 gold pieces at shops.

Inventory:

Hand Weapons
 a - a +1 war axe (weapon)
 p - a +2 mace of draining
   (You found it on level 2 of the Dungeon)
Armour
 c - a +0 shield (worn)
 v - a +2 pair of gloves (worn)
   (You found it on level 3 of the Dungeon)
 x - a +0 cloak (worn)
   (You found it on level 5 of the Dungeon)
 C - a +0 pair of boots (worn)
   (You found it on level 6 of the Dungeon)
 H - a +0 plate armour (worn)
   (You found it on level 6 of the Dungeon)
Jewellery
 s - a ring of protection from cold (left hand) {rC+, !d}
   (You found it on level 3 of the Dungeon)
 u - a ring of protection from fire (right hand) {rF+, !d}
   (You found it on level 8 of the Dungeon)
Wands
 G - a wand of iceblast (9/15)
   (You found it on level 6 of the Dungeon)
Scrolls
 e - 2 scrolls of magic mapping {!r}
 i - 2 scrolls of fear
 j - 3 scrolls of identify
 o - 4 scrolls of remove curse
 t - a scroll of blinking {!r}
 y - a scroll of holy word {unknown}
 z - a scroll of fog
 A - a scroll of teleportation
 B - a scroll of amnesia {unknown}
Potions
 d - a potion of flight
 h - 2 potions of beneficial mutation {unknown}
 k - 3 potions of brilliance
 l - a potion of heal wounds
 m - 2 potions of curing
 w - 2 potions of cure mutation {!q}
 E - a potion of cancellation
Comestibles
 b - 8 slices of pizza
 f - 4 bread rations
 g - 2 beef jerkies
 n - 4 meat rations
 q - 2 royal jellies
 r - 2 chunks of flesh
 D - 12 fruits


   Skills:
 + Level 11.5 Fighting
 * Level 15.3 Axes
 - Level 3.6 Armour
 - Level 3.6 Shields


You had 9 spell levels left.
You didn't know any spells.

Dungeon Overview and Level Annotations

Branches:
Dungeon (9/15)             Temple (1/1) D:5
   Lair: D:8-11         Orc: D:9-12

Altars:
Ashenzari
Cheibriados
Dithmenos
Kikubaaqudgha
Makhleb
Nemelex Xobeh
Okawaru
Ru
Uskayaw
Vehumet
Xom
Yredelemnul

Shops:
D:4 ?%?


Innate Abilities, Weirdness & Mutations

You reflexively headbutt those who attack you in melee.
You have a pair of horns on your head.


Message History

Okawaru accepts your kill.
An orc, an orc warrior and an orc priest come into view.
The orc shouts!
The orc warrior shouts!
The orc priest hits you but does no damage.
Items here: " ))))) [[[ ††† The orc priest hits you with a whip.
An orc comes into view. It is wielding a short sword.
You closely miss the orc priest.
Your plate armour prevents you from hitting the orc.
The orc shouts!
You block the orc priest's attack.
You slash the orc priest!
You kill the orc priest!
Okawaru accepts your kill.
You hit the orc.
You block the orc's attack. 2 orcs come into view.
You closely miss the orc warrior.
The orc shouts! x2
You headbutt the orc warrior.
The orc warrior is lightly wounded.
You slash the orc!
You kill the orc!
Okawaru accepts your kill.
The orc warrior hits you with a triple sword.
You slice the orc warrior!! Your headbutt misses the orc warrior.
The orc warrior is almost dead.
You hit the orc warrior.
The orc warrior hits you with a long sword!
An orc comes into view.
The orc shouts!
You hit the orc warrior.
You kill the orc warrior!
Okawaru accepts your kill.
You closely miss the orc warrior.
The orc priest mumbles some strange prayers to Beogh against you.
Beogh smites you!
You hear a shout!
An orc warrior comes into view. It is wielding a battleaxe.
The orc warrior shouts!
The orc warrior hits you with a long sword!
The orc priest hits you but does no damage.
Items here: )) [[ † a triple sword; a chain mail; a whip; a leather armour; an orc corpse You hit the orc priest.
The orc priest is heavily wounded.
You hit the orc warrior but do no damage.
You slash the orc!
You kill the orc!
Okawaru accepts your kill.
The orc warrior hits you with a long sword.
The orc priest casts a cantrip, but nothing happens.
The orc hits you but does no damage.
You slash the orc priest!
You kill the orc priest!
Okawaru accepts your kill.
You hit the orc warrior but do no damage.
You block the orc warrior's attack.
You barely miss the orc. You closely miss the orc warrior.
The orc hits you from afar with a halberd.
The orc hits you but does no damage.
You slash the orc!
You kill the orc!
Okawaru accepts your kill.
You slash the orc warrior!
The orc warrior hits you but does no damage.
An orc comes into view. It is wielding a whip.
The orc shouts!
You hit the orc but do no damage.
Your shield prevents you from hitting the orc warrior.
The orc hits you but does no damage.
You slice the orc!!
You kill the orc!
Okawaru accepts your kill.
You hit the orc warrior. You block the orc warrior's attack.
The orc warrior hits you but does no damage.
The orc warrior barely misses you. You block the orc's attack.
Items here: )) [ †† a club; a flail; a leather armour; an orc corpse x2
You barely miss the orc warrior. Your headbutt misses the orc warrior.
Your shield and plate armour prevent you from hitting the orc warrior.
You slash the orc!
You kill the orc!
Okawaru accepts your kill.
The orc warrior hits you with a long sword.
The orc warrior hits you with a battleaxe!!
Your shield and plate armour prevent you from hitting the orc warrior.
You barely miss the orc warrior. You slash the orc warrior!
The orc warrior is moderately wounded.
You hit the orc warrior.
The orc warrior hits you with a long sword!
* * * LOW HITPOINT WARNING * * *
The orc warrior hits you with a battleaxe!
* * * LOW HITPOINT WARNING * * *
You hit the orc warrior but do no damage.
The orc warrior is moderately wounded.
You hit the orc.
You hit the orc warrior but do no damage.
The orc warrior hits you with a long sword.
You die...

########..#######
.................
#########..#####
##.## #..# ##.#
## #.##8## #
#)#)o.#...#
#.)@o%.....
#.o.)......
##.........
##...#...# ##8##
.## ## #


You could see 2 orc warriors and an orc.

Vanquished Creatures
  A hydra (D:8)
  Prince Ribbit (D:5)
  2 hippogriffs (D:7)
  2 dream sheep (D:8)
  2 yaks (D:8)
  A hungry ghost (D:8)
  Duvessa (D:5)
  3 necrophages
  3 orc warriors
  4 sky beasts
  2 ice beasts
  2 ogres
  2 phantoms
  4 centaurs
  4 big kobolds (D:8)
  2 bullfrogs
  Dowan (D:5)
  A water moccasin zombie (D:7)
  A wyvern skeleton (D:7)
  3 scorpions
  7 wights (D:6)
  5 howler monkeys
  5 crimson imps
  A bullfrog zombie (D:6)
  6 hounds
  10 orc wizards
  A centaur skeleton (D:9)
  2 gnoll shamans
  6 orc priests
  A jelly (D:7)
  An iguana (D:9)
  12 worker ants
  A hound skeleton (D:6)
  A mummy (D:5)
  A worker ant zombie (D:8)
  9 gnolls
  10 adders
  A shadow imp (D:4)
  An ooze (D:4)
  An adder skeleton (D:8)
  3 worms
  3 dart slugs
  6 leopard geckos
  32 orcs
  3 giant cockroaches
  8 goblins
  7 hobgoblins
  10 jackals
  12 kobolds
  2 quokkas
  2 ball pythons
  8 bats
  6 frilled lizards
  2 leopard gecko zombies
  6 rats
234 creatures vanquished.

Notes
Turn   | Place    | Note
-------+----------+-------------------------------------------
     0 | D:1      | tboon the Minotaur Fighter began the quest for the Orb.
     0 | D:1      | Reached XP level 1. HP: 19/19 MP: 0/0
   202 | D:1      | Reached skill level 4 in Fighting
   203 | D:1      | Reached XP level 2. HP: 27/27 MP: 1/1
   285 | D:1      | Reached skill level 3 in Axes
   571 | D:2      | Reached XP level 3. HP: 33/33 MP: 2/2
   786 | D:2      | Reached skill level 4 in Axes
  1537 | D:3      | Noticed a phantom
  1579 | D:3      | HP: 8/34 [phantom (7)]
  1596 | D:3      | HP: 6/34 [phantom (2)]
  1598 | D:3      | Killed a phantom
  1598 | D:3      | Reached skill level 5 in Fighting
  1598 | D:3      | Reached skill level 5 in Axes
  1598 | D:3      | Reached XP level 4. HP: 5/42 MP: 3/3
  1598 | D:3      | Reached XP level 5. HP: 6/48 MP: 4/4
  1990 | D:3      | Found a burning altar of Makhleb.
  2025 | D:3      | Noticed a sky beast
  2040 | D:3      | HP: 12/48 [something (5)]
  2041 | D:3      | Killed a sky beast
  2041 | D:3      | Reached skill level 6 in Axes
  2041 | D:3      | Reached XP level 6. HP: 15/56 MP: 5/5
  2902 | D:4      | Noticed an ice beast
  2912 | D:4      | Killed an ice beast
  2912 | D:4      | Reached skill level 6 in Fighting
  2912 | D:4      | Reached skill level 7 in Axes
  2924 | D:4      | Found Gadog's Food Emporium.
  2961 | D:4      | Reached XP level 7. HP: 56/63 MP: 6/6
  3006 | D:4      | Found Sogiapad's Magic Scroll Shop.
  3014 | D:4      | Bought a scroll of remove curse for 30 gold pieces
  3014 | D:4      | Bought a scroll of identify for 20 gold pieces
  3014 | D:4      | Bought a scroll of remove curse for 30 gold pieces
  3125 | D:4      | Found Qurouleg's Magic Scroll Shoppe.
  3128 | D:4      | Bought a scroll of identify for 20 gold pieces
  3128 | D:4      | Bought 3 scrolls of identify for 60 gold pieces
  3128 | D:4      | Bought a scroll of identify for 20 gold pieces
  3232 | D:4      | Reached skill level 8 in Axes
  3298 | D:5      | Entered Level 5 of the Dungeon
  3510 | D:5      | Reached skill level 9 in Axes
  3616 | D:5      | Noticed Prince Ribbit
  3617 | D:5      | Noticed Dowan
  3619 | D:5      | Noticed Duvessa
  3628 | D:5      | Killed Duvessa
  3628 | D:5      | Reached skill level 7 in Fighting
  3629 | D:5      | Reached XP level 8. HP: 22/73 MP: 7/7
  3631 | D:5      | Killed Prince Ribbit
  3631 | D:5      | Reached skill level 10 in Axes
  3631 | D:5      | Killed Dowan
  3746 | D:5      | Reached skill level 8 in Fighting
  3827 | D:5      | Found a staircase to the Ecumenical Temple.
  3837 | Temple   | Entered the Ecumenical Temple
  3844 | Temple   | Became a worshipper of Warmaster Okawaru
  4243 | D:5      | Reached skill level 11 in Axes
  4376 | D:5      | Found a snail-covered altar of Cheibriados.
  4444 | D:6      | Reached * piety under Okawaru
  4453 | D:6      | Reached XP level 9. HP: 54/82 MP: 5/8
  4458 | D:6      | Reached skill level 9 in Fighting
  4775 | D:6      | Reached skill level 12 in Axes
  4797 | D:6      | Found a shadowy altar of Dithmenos.
  5408 | D:7      | Reached ** piety under Okawaru
  5457 | D:7      | Reached skill level 13 in Axes
  5487 | D:7      | Reached skill level 10 in Fighting
  6312 | D:8      | Reached XP level 10. HP: 93/94 MP: 9/9
  6718 | D:8      | Reached skill level 14 in Axes
  6939 | D:8      | Reached *** piety under Okawaru
  6967 | D:8      | Reached skill level 11 in Fighting
  7088 | D:8      | Noticed a three-headed hydra
  7096 | D:8      | Killed a three-headed hydra
  7116 | D:8      | Reached skill level 15 in Axes
  7606 | D:9      | Reached **** piety under Okawaru
  7636 | D:9      | HP: 19/96 [orc warrior/long sword (13)]
  7636 | D:9      | HP: 4/96 [orc warrior/battleaxe (15)]
  7637 | D:9      | Slain by an orc warrior

Vault maps used:
D:1:      minmay_arrival_nine_rooms
D:3:      first_bread, moated_statue, st_stairs_10, makhleb_blood_cavern_becter
D:4:      serial_shops, nicolae_shop_trees, kennysheep_mini, shop,
          kennysheep_decorative_pillar
D:5:      chei_slow_surprise, uniq_duvessa, uniq_prince_ribbit1
D:6:      grunt_dithmenos_smoke_and_mirrors
D:8:      hangedman_ranch, minmay_misc_feat_pillars, st_stairs_13,
          mrwooster_statue_mirror
D:9:      david_orc_4, special_room
Temple:   compressed_dpeg_triangle_lava_temple

Skill      XL: |  1  2  3  4  5  6  7  8  9 10 |
---------------+-------------------------------+-----
Fighting       | 4 5 6 7 8 10 11 | 11.5
Axes           | 3 5 6 7 9 11 13 15 | 15.3
Armour         | |  3.6
Shields        | |  3.6

Action                   |  1- 3 |  4- 6 |  7- 9 | 10-12 || total
-------------------------+-------+-------+-------+-------++-------
Melee: War axe           |   116 |   115 |   363 |   158 ||   752
       Headbutt          |    12 |    23 |    64 |    31 ||   130
       Mace              |       |       |       |    24 ||    24
Invok: Heroism           |       |       |     2 |       ||     2
  Use: Scroll            |     1 |     7 |    11 |     2 ||    21
       Potion            |       |       |     3 |       ||     3
  Eat: Chunk             |     2 |     5 |    11 |     5 ||    23
       Pizza             |       |       |       |     1 ||     1
Armor: Scale mail        |     3 |       |       |       ||     3
       Chain mail        |    46 |    62 |   117 |       ||   225
       Plate armour      |       |       |    88 |    65 ||   153
Dodge: Dodged            |    27 |    24 |    37 |     9 ||    97
Block: Shield            |    45 |    59 |   135 |    67 ||   306

Vault maps used:
D:1:      minmay_arrival_nine_rooms
D:3:      first_bread, moated_statue, st_stairs_10, makhleb_blood_cavern_becter
D:4:      serial_shops, nicolae_shop_trees, kennysheep_mini, shop,
          kennysheep_decorative_pillar
D:5:      chei_slow_surprise, uniq_duvessa, uniq_prince_ribbit1
D:6:      grunt_dithmenos_smoke_and_mirrors
D:8:      hangedman_ranch, minmay_misc_feat_pillars, st_stairs_13,
          mrwooster_statue_mirror
D:9:      david_orc_4, special_room
Temple:   compressed_dpeg_triangle_lava_temple

Table legend:
 A = Turns spent in this place as a percentage of turns spent in the entire game.
 B = Non-inter-level travel turns spent in this place as a percentage of non-inter-level travel turns spent in the entire game.
 C = Inter-level travel turns spent in this place as a percentage of turns spent in this place.
 D = Turns resting spent in this place as a percentage of non-inter-level travel turns spent in this place.
 E = Turns spent auto-exploring this place as a percentage of non-inter-level travel turns spent in this place.
 F = Non-inter-level travel turns spent in this place divided by the number of levels of this place that you've seen.
                   A       B       C       D       E      F
               +-------+-------+-------+-------+-------+----------------------
         Total | 100.0 | 100.0 |   0.5 |   3.1 |  10.2 | 195.8
       Dungeon |  99.5 |  99.6 |   0.5 |   3.1 |  10.2 | 216.7
        Temple |   0.5 |   0.4 |  11.1 |   0.0 |   0.0 |   8.0
               +-------+-------+-------+-------+-------+----------------------

Table legend:
 A = Kills in this place as a percentage of kills in entire the game.
 B = Kills by you in this place as a percentage of kills by you in the entire game.
 C = Kills by friends in this place as a percentage of kills by friends in the entire game.
 D = Other kills in this place as a percentage of other kills in the entire game.
 E = Experience gained in this place as a percentage of experience gained in the entire game.
 F = Experience gained in this place divided by the number of levels of this place that you have seen.
                   A       B       C       D       E      F
               +-------+-------+-------+-------+-------+----------------------
         Total | 100.0 | 100.0 |  -nan |  -nan | 100.0 | 948.3
       Dungeon | 100.0 | 100.0 |  -nan |  -nan | 100.0 | 1053.7
               +-------+-------+-------+-------+-------+----------------------
